 Dungeon Crawl Stone Soup version 0.31.0-12-g77e489cdc1 (webtiles) character file.

Game seed: 412907515133922285

50 Gadfly the Shield-Bearer (level 3, 0/23 HPs)
             Began as a Gargoyle Fighter on Mar 8, 2024.
             Slain by Sigmund
             ... wielding a +0 scythe
              (8 damage)
             ... on level 2 of the Dungeon.
             The game lasted 00:02:03 (1470 turns).

Gadfly the Shield-Bearer (Gargoyle Fighter)         Turns: 1470, Time: 00:02:03

Health: 0/23       AC: 12    Str: 19    XL:     3   Next: 79%
Magic:  4/4        EV:  7    Int:  8    God:
Gold:   73         SH:  5    Dex: 11    Spells: 2/2 levels left

rFire   . . .        a - +0 flail (chaos)
rCold   . . .        c - +1 buckler
rNeg    + . .        f - +0 chain mail
rPois   ∞            (no helmet)
rElec   +            (no cloak)
rCorr   .            (no gloves)
SInv    .            (no boots)
Will    .....        (no amulet) Stlth
                     (no ring)
HPRegen 0.23/turn    (no ring)
MPRegen 0.09/turn

%: no passive effects
@: no status effects
A: sickness immunity, AC +3, negative energy resistance 1, electricity
resistance, torment resistance 1, petrification resistance
a: no special abilities


You were on level 2 of the Dungeon.
You visited 1 branch of the dungeon, and saw 2 of its levels.

You collected 73 gold pieces.

Inventory:

Hand Weapons
 a - a +0 flail of chaos (weapon)
 b - a +3 dagger of freezing
 g - a +0 dagger of venom
 j - a +0 vampiric whip
Armour
 c - a +1 buckler (worn)
 f - a +0 chain mail (worn)
Scrolls
 i - a scroll of revelation {unknown}
Potions
 d - a potion of might
 e - 2 potions of curing
 h - a potion of degeneration {unknown}
 k - a potion of heal wounds {unknown}
 m - a potion of mutation {unknown}
 n - a potion of resistance {unknown}


   Skills:
 + Level 3.4 Fighting
 * Level 2.5 Maces & Flails
 + Level 3.4 Armour
 + Level 3.5 Shields
 * Level 1.6 Invocations
 * Level 1.1 Evocations


You had 2 spell levels left.
You didn't know any spells.
Your spell library was empty.

Dungeon Overview and Level Annotations

Branches:
Dungeon (2/15)

Altars:

Shops:
D:1 :

Annotations:
D:2 Sigmund


Innate Abilities, Weirdness & Mutations

You are immune to sickness and miasma.
Your stone body is resilient. (AC +3)
You are immune to poison.
You resist negative energy. (rN+)
You are resistant to electric shocks. (rElec)
You are resistant to unholy torment.
You are immune to petrification.


Message History

Sigmund the Dreaded comes into view.
He is wielding a +0 scythe.
Sigmund shouts!
Sigmund points at you and mumbles some strange words.
You are confused.
Okay, then.
You are too confused!
You are too confused!
You bump into the rock wall.
Sigmund gestures wildly while chanting.
Sigmund flickers and vanishes!
Deactivating autopickup; reactivate with Ctrl-A.
You bump into the rock wall.
You're too confused to move!
You bump into the rock wall.
You feel less confused.
You hear some strange, mumbled words.
A magic dart appears from out of thin air!
The magic dart hits you!
You miss something. Something hits you.
You hit something. Something hits you but does no damage.
You miss something. Something hits you but does no damage.
You closely miss something. Something hits you but does no damage.
You closely miss something. Something hits you but does no damage.
You hit something. You burn something.
You hear some strange, mumbled words.
You are confused.
Something hits you but does no damage.
You bump into the rock wall.
Something hits you but does no damage.
You bump into the rock wall.
Something hits you!
You bump into the rock wall.
You closely miss something.
You feel less confused.
Sigmund appears from thin air!
Reactivating autopickup.
Sigmund hits you but does no damage.
You barely miss Sigmund.
Sigmund is heavily wounded.
Sigmund hits you with a +0 scythe!
You die...
Sigmund begins carving another notch in his scythe.

.###..†#############[####........
## #.....### #..# #........
#.###...# ###.#####........ #.#
###.# ##.......)........ #.# #.#
###..##.......##.###
#.#####.###....##.......##.#
#.##....##....###.......##)#
##+##.###....#####.......##.#
###~~~#........@@..........##.#
..+~~~+.#.##..######.......##.#
###~~~##..#..## #.......##.#
..##'##.....## ##..######.#
###......#### #.## #.#
##.....######### ###.#######.#
...#...##......# ##...........#
.......##......###............##
...#...##......##..............#


You could see Sigmund (very drained).

Vanquished Creatures
  An adder (D:2)
  A dart slug (D:1)
  A ribbon worm (D:2)
  A ball python (D:1)
  3 bats
  4 endoplasms
  3 giant cockroaches (D:1)
  6 goblins
  3 hobgoblins
  2 quokkas
  2 frilled lizards
  3 kobolds (D:1)
  2 rats
32 creatures vanquished.

Notes
Turn   | Place    | Note
-------+----------+-------------------------------------------
     0 | D:1      | Gadfly the Gargoyle Fighter began the quest for the Orb.
     0 | D:1      | Reached XP level 1. HP: 14/14 MP: 1/1
    81 | D:1      | Found a faded altar of an unknown god.
   282 | D:1      | Reached XP level 2. HP: 19/19 MP: 2/2
   472 | D:1      | Reached skill level 1 in Invocations
   599 | D:1      | Found Jelen's Vocational Training.
   758 | D:1      | Reached XP level 3. HP: 23/23 MP: 3/3
  1220 | D:2      | Reached skill level 1 in Evocations
  1448 | D:2      | Noticed Sigmund
  1470 | D:2      | Slain by Sigmund

Illustrated notes

Levels and vault maps discovered:
D:1:      dpeg_arrival_snail, layout_basic, basic_ecumenical_altar,
          nicolae_shop_vocational
D:2:      layout_rooms, minmay_liquid_box, uniq_sigmund

Skill      XL: |  1  2  3 |
---------------+----------+-----
Invocations    | 1 |  1.6
Evocations     | 1 |  1.1
Fighting       | |  3.4
Maces & Flails | |  2.5
Armour         | |  3.4
Shields        | |  3.5

Action                     || total
---------------------------++-------
  Melee: Flail             ||    50
         Dagger            ||    86
    Use: Scroll            ||     7
         Potion            ||     1
 Armour: Chain mail        ||   111
  Dodge: Dodged            ||    52
  Block: Buckler           ||    29
